 Dungeon Crawl Stone Soup version 0.27-a0-1188-g73eefd5def (webtiles) character file.

Game seed: 10937251831045409793

282 karrick the Grave Robber (level 6, -3/32 HPs)
             Began as a Deep Elf Necromancer on May 21, 2021.
             Slain by an ogre
             ... wielding a +0 giant club
              (26 damage)
             ... on level 4 of the Dungeon.
             The game lasted 00:05:52 (4271 turns).

karrick the Grave Robber (Deep Elf Necromancer)     Turns: 4271, Time: 00:05:53

Health: -3/32      AC:  2    Str:  7    XL:     6   Next: 6%
Magic:  11/17      EV: 16    Int: 20    God:
Gold:   33         SH:  0    Dex: 15    Spells: 11/17 levels left

rFire    + . .     SeeInvis .   f - +0 dagger
rCold    . . .     Faith    .   (no shield)
rNeg     . . .     Spirit   .   a - +0 robe
rPois    .         Reflect  .   (no helmet)
rElec    .         Harm     .   (no cloak)
rCorr    .         Rampage  .   (no gloves)
Will     .....                  (no boots)
Stlth    ++........             (no amulet)
HPRegen  0.10/turn              e - +4 ring of evasion
MPRegen  0.15/turn              k - ring of protection from fire

@: about to teleport
A: no striking features
a: no special abilities


You were on level 4 of the Dungeon.
You visited 1 branch of the dungeon, and saw 4 of its levels.

You collected 69 gold pieces.
You spent 36 gold pieces at shops.

Inventory:

Hand Weapons
 f - a +0 dagger (weapon)
 h - a +0 whip of electrocution
Armour
 a - a +0 robe (worn)
Jewellery
 e - a +4 ring of evasion (left hand)
 i - a ring of fire
 k - a ring of protection from fire (right hand)
Scrolls
 c - 4 scrolls of teleportation
 d - 3 scrolls of identify {unknown}
 l - a scroll of immolation {unknown}
 m - a scroll of noise {unknown}
Potions
 b - a potion of cancellation {unknown}
 g - 2 potions of curing {unknown}
 j - a potion of mutation {unknown}


   Skills:
 + Level 0.3 Fighting
 + Level 2.4 Dodging
 + Level 3.0 Stealth
 + Level 6.4 Spellcasting
 + Level 6.7 Necromancy


You had 11 spell levels left.
You knew the following spells:

 Your Spells              Type           Power      Damage    Failure   Level
a - Pain                  Necr           100%       1d9       1%          1
b - Animate Skeleton      Necr           66%        N/A       1%          1
c - Animate Dead          Necr           16%        N/A       6%          4

Your spell library contained the following spells:

 Spells                   Type           Power      Damage    Failure   Level
 Vampiric Draining        Necr           16%        2d8       1%          3
 Agony                    Necr           33%        N/A       17%         5


Dungeon Overview and Level Annotations

Branches:
Dungeon (4/15)
 Temple: D:4-7

Altars:
Gozag
Uskayaw
Zin

Shops:
D:2 [   D:3 *

Annotations:
D:4 Blork the orc


Message History

The iguana writhes in agony.
The iguana completely misses you.
Casting: Pain (safe; 1% risk of failure)
Confirm with . or Enter, or press ? or * to list all spells.
Aiming: Pain (safe; 1% risk of failure)
Press: ? - help, Shift-Dir - straight line, f/p - iguana
Aim: an iguana (almost dead, chance to affect: 89%)
The iguana writhes in agony!
You kill the iguana!
Your Stealth skill increases to level 3!
You start resting.
Your magical contamination has completely faded away.
You start resting.
Magic restored.
You start resting.
HP restored.
You see here an iguana skeleton.
Found a stone staircase leading down.
Found a hide-covered altar of Uskayaw.
Found a buckler.
Found 18 gold pieces.
An ogre comes into view. It is wielding a +0 giant club.
An ogre comes into view. It is wielding a +0 giant club.
The ogre shouts! x2; You hear a bark!
A hound comes into view.
The hound bites you.
The hound writhes in agony.
The hound bites you. The hound closely misses you.
The hound writhes in agony.
The hound barely misses you.
The hound writhes in agony!
The hound closely misses you. x2
The hound writhes in agony.
The hound misses you.
The hound writhes in agony!
You kill the hound!
You have reached level 6!
Your experience leads to an increase in your attributes!
Increase (S)trength, (I)ntelligence, or (D)exterity?
You feel stronger.
As you read the scroll of teleportation, it crumbles to dust.
You feel strangely unstable.
The ogre hits you with a +0 giant club!!
Ouch! That really hurt!
You die...

#.. #..#.... #.. #...#..##...
_## #... +...+....... ..8##..#
#...#...#... ...##...
#........... .>#..#
##........... #...
.....$.$.....
##.#########....(..##
#.OO@...#........#...
##########.####รท#.##.....#...
#....OO.......#.#.##.....#...
#.....#####...#.).##.....##.#
#.....#####...#######.#+## ..
#..........[..# #.# .
#.............# #.#
#$....O.....### #.#
###.........# #.#


You could see 2 ogres.

Vanquished Creatures
  A howler monkey (D:3)
  A hound (D:4)
  2 iguanas (D:4)
  5 adders
  4 gnolls
  A worm (D:2)
  2 dart slugs
  An orc (D:3)
  8 bats
  3 endoplasms (D:1)
  2 giant cockroaches
  3 goblins
  7 hobgoblins
  10 kobolds
  2 quokkas
  8 ball pythons
  5 frilled lizards
  10 rats
75 creatures vanquished.

Notes
Turn   | Place    | Note
-------+----------+-------------------------------------------
     0 | D:1      | karrick the Deep Elf Necromancer began the quest for the
                  | Orb.
     0 | D:1      | Reached XP level 1. HP: 10/10 MP: 6/6
   155 | D:1      | Reached skill level 5 in Necromancy
   216 | D:1      | Reached XP level 2. HP: 6/15 MP: 0/8
  1164 | D:1      | Reached XP level 3. HP: 17/19 MP: 7/10
  1297 | D:1      | Found a faded altar of an unknown god.
  2485 | D:2      | Reached XP level 4. HP: 21/24 MP: 9/12
  2567 | D:2      | Learned a level 1 spell: Animate Skeleton
  2572 | D:2      | Learned a level 4 spell: Animate Dead
  2721 | D:2      | Found Masitrut's Armour Shoppe.
  2772 | D:2      | Reached skill level 5 in Spellcasting
  2966 | D:3      | Found an opulent altar of Gozag.
  2966 | D:3      | Found a glowing silver altar of Zin.
  3241 | D:3      | Reached XP level 5. HP: 20/28 MP: 6/15
  3711 | D:3      | Found Duogud Gielu's General Store.
  3720 | D:3      | Bought a scroll of teleportation for 36 gold pieces
  3789 | D:3      | Noticed an ogre
  3998 | D:4      | Noticed Blork the orc
  4247 | D:4      | Found a hide-covered altar of Uskayaw.
  4254 | D:4      | Noticed an ogre
  4255 | D:4      | Noticed an ogre
  4271 | D:4      | Reached XP level 6. HP: 23/32 MP: 11/17
  4271 | D:4      | Slain by an ogre

Illustrated notes

Levels and vault maps discovered:
D:1:      onia_arrival_handbag, layout_basic,
          shapermc_ecumenical_altar_mp_highgroup
D:2:      layout_loops_cross, serial_shops, shop
D:3:      layout_basic, grunt_temple_overflow_gold_and_silver, serial_shops,
          shop, hangedman_feature_mirror
D:4:      layout_basic, nicolae_overflow_hidden_temple, uniq_blork_the_orc

Skill      XL: |  1  2  3  4  5 |
---------------+----------------+-----
Necromancy     | 5 6 |  6.7
Spellcasting   | 4 5 6 |  6.4
Stealth        | 3 |  3.0
Fighting       | |  0.3
Dodging        | |  2.4

Action                   |  1- 3 |  4- 6 || total
-------------------------+-------+-------++-------
Melee: Unarmed           |     3 |       ||     3
       Dagger            |       |     1 ||     1
 Cast: Pain              |    75 |    74 ||   149
  Use: Scroll            |       |     1 ||     1
 Stab: Sleeping          |       |     1 ||     1
Armor: Robe              |     4 |       ||     4
Dodge: Dodged            |    10 |    16 ||    26

Table legend: (Time is in decaauts)
 A = Elapsed time spent in this place.
 B = Non-inter-level travel time spent in this place.
 C = Inter-level travel time spent in this place.
 D = Time resting spent in this place.
 E = Time spent auto-exploring this place.
 F = Levels seen in this place.
 G = Mean time per level.
                   A        B        C        D        E       F      G
               +--------+--------+--------+--------+--------+-----+--------+
         Total |   4270 |   4200 |     70 |    587 |   3164 |   4 | 1067.5 |
       Dungeon |   4270 |   4200 |     70 |    587 |   3164 |   4 | 1067.5 |
               +--------+--------+--------+--------+--------+-----+--------+

Top non-repeatable levels by time:
     D:1: 1731 daAuts
     D:2: 1043 daAuts
     D:3: 1027 daAuts
     D:4: 468 daAuts
